 Dungeon Crawl Stone Soup version 0.28.0-53-g5a82cb258f (webtiles) character file.

Game seed: 16813436564786412945

212 cbfl8 the Chopper (level 5, -10/44 (47) HPs)
             Began as a Minotaur Berserker on July 27, 2022.
             Was a Believer of Trog.
             Killed from afar by an orc wizard (14 damage)
             ... with a puff of flame
             ... on level 5 of the Dungeon.
             The game lasted 00:03:20 (3339 turns).

cbfl8 the Chopper (Minotaur Berserker)              Turns: 3339, Time: 00:03:21

HP:   -10/44 (47)   AC:  9    Str: 21    XL:     5   Next: 58%
MP:   4/4           EV:  8    Int:  4    God:    Trog [**....]
Gold: 143           SH:  0    Dex: 12    Spells: 4/4 levels left

rFire   . . .      SeeInvis .   c - +0 war axe
rCold   + . .      Faith    .   (no shield)
rNeg    . . .      Spirit   .   u - +0 chain mail {rC+}
rPois   .          Reflect  .   (helmet restricted)
rElec   .          Harm     .   (no cloak)
rCorr   .          Rampage  .   (no gloves)
Will    +....                   (no boots)
Stlth   ..........              (no amulet)
HPRegen 0.14/turn               f - ring of willpower
MPRegen 0.09/turn               (no ring)

@: on berserk cooldown, slowed, drained, very slow
A: horns 2, retaliatory headbutt
a: Renounce Religion, Berserk, Trog's Hand


You were on level 5 of the Dungeon.
You worshipped Trog.
Trog was pleased with you.
You visited 1 branch of the dungeon, and saw 5 of its levels.

You collected 143 gold pieces.

Inventory:

Hand Weapons
 a - a +0 hand axe
 c - a +0 war axe (weapon)
Armour
 b - a +0 animal skin
 k - a +0 leather armour
 r - a +2 ring mail of poison resistance
 u - a +0 chain mail of cold resistance (worn)
Jewellery
 f - a ring of willpower (left hand)
Wands
 t - a wand of mindburst (9) (quivered)
 v - a wand of iceblast (13)
 w - a wand of flame (19)
Scrolls
 d - a scroll of blinking {unknown}
 e - a scroll of noise {unknown}
 h - 2 scrolls of brand weapon {unknown}
 i - a scroll of vulnerability {unknown}
 j - a scroll of amnesia {unknown}
 l - a scroll of enchant armour {unknown}
 m - a scroll of fog {unknown}
 p - a scroll of identify {unknown}
Potions
 g - a potion of ambrosia {unknown}
 n - 2 potions of flight {unknown}
 o - 2 potions of might {unknown}
 q - a potion of mutation {unknown}
Miscellaneous
 s - a piece from Xom's chessboard (15/15)


   Skills:
 * Level 4.8 Fighting
 + Level 6.1 Axes
 + Level 3.1 Armour
 * Level 2.7 Dodging
 * Level 1.0 Stealth


You had 4 spell levels left.
You didn't know any spells.
Your spell library was empty.

Dungeon Overview and Level Annotations

Branches:
Dungeon (4/15)
 Temple: D:4-7

Altars:
Vehumet
Xom
Yredelemnul

Shops:
D:4 [


Innate Abilities, Weirdness & Mutations

You have a pair of horns on your head.
You reflexively headbutt those who attack you in melee.


Message History

You closely miss something. Something hits you.
You closely miss something.
There is an open door, spattered with blood here.
You see here a +0 falchion.
You're too confused to move!
You feel a strong urge to attack something.
The orc priest looks satisfied for a moment.
The orc wizard hits you but does no damage.
You feel drained. Something hits you but does no damage.
The orc priest calls down the wrath of Beogh upon you.
Beogh smites you! Something hits you but does no damage.
Unknown command.
You bump into the metal wall.
You feel your anger nearly subside.
You are no longer berserk.
You are exhausted.
You feel yourself slow down.
Unknown command.
You're too confused to move!
The orc priest looks braver for a moment.
Something hits you.
The orc wizard hits you with a +2 dagger of draining.
* * * LOW HITPOINT WARNING * * *
You feel drained.
* * * LOW HITPOINT WARNING * * *
Something hits you but does no damage.
The orc wizard points at you and mumbles some strange words.
The puff of flame hits you!
* * * LOW HITPOINT WARNING * * *
You feel less confused. The orc wizard closely misses you.
Unknown command.
Unknown command.
The orc wizard gestures wildly while chanting.
The orc wizard flickers and vanishes!
A magic dart appears from out of thin air!
The magic dart hits something.
You hear some strange, mumbled words.
A puff of flame appears from out of thin air!
The puff of flame hits you!
You die...

####### #......#
#...... #......##
#...... #........
#...... #........
.......#+###......#
......o#)..'......##
.......{...#.......#
.......#{.##.....[.#
.......#@.##>......#
...[...#...........#
....#+##...........#
#### #####.).....#
#.......# ###.....#
..


You could see an orc priest.

Vanquished Creatures
  A phantom (D:4)
  An orc priest (D:4)
  A gnoll (D:1)
  3 adders
  2 dart slugs
  7 orcs
  5 ball pythons
  4 endoplasms
  4 giant cockroaches
  5 goblins
  8 hobgoblins
  4 kobolds
  2 quokkas (D:2)
  4 bats
  2 frilled lizards (D:3)
  7 rats
60 creatures vanquished.

Notes
Turn   | Place    | Note
-------+----------+-------------------------------------------
     0 | D:1      | cbfl8 the Minotaur Berserker began the quest for the Orb.
     0 | D:1      | Reached XP level 1. HP: 19/19 MP: 0/0
    31 | D:1      | Reached skill level 4 in Axes
    31 | D:1      | Reached XP level 2. HP: 18/27 MP: 1/1
   289 | D:1      | Found a faded altar of an unknown god.
   683 | D:1      | Reached XP level 3. HP: 33/33 MP: 2/2
  1309 | D:2      | Found a basalt altar of Yredelemnul.
  2179 | D:3      | Reached ** piety under Trog
  2308 | D:3      | Found a shimmering altar of Xom.
  2383 | D:3      | Found a radiant altar of Vehumet.
  2492 | D:3      | Reached XP level 4. HP: 40/41 MP: 3/3
  2514 | D:3      | Reached skill level 5 in Axes
  2907 | D:4      | Noticed a phantom
  2913 | D:4      | Killed a phantom
  2914 | D:4      | Reached XP level 5. HP: 35/47 MP: 4/4
  2999 | D:4      | Found Osas's Armour Shop.
  3012 | D:4      | Reached skill level 6 in Axes
  3314 | D:4      | You fall into a shaft and drop 1 floor!
  3314 | D:5      | Entered Level 5 of the Dungeon
  3329 | D:5      | Reached skill level 1 in Stealth
  3339 | D:5      | Killed from afar by an orc wizard

Illustrated notes

Levels and vault maps discovered:
D:1:      lightli_arrival_statue_moat, layout_loops_ring, basic_ecumenical_altar
D:2:      layout_loops_corners, serial_forest, infiniplex_forest_lined_2,
          infiniplex_forest_clump_long, infiniplex_forest_lined_1,
          infiniplex_forest_straight_1, infiniplex_forest_lined_2,
          infiniplex_forest_lined_2, basic_altar, st_stairs_12
D:3:      layout_basic, xom_butterflies, nicolae_vehumet_altar_sigil
D:4:      layout_cave_pools, minmay_temple_entry_water_ring, serial_shops,
          nicolae_shop_crystal, gup_sewer_entry_glass, minmay_stone_trees_small,
          nicolae_concentric_dashed_squares_wild
D:5:      layout_gridville, mainiacjoe_overflow_boulevard,
          chequers_temple_overflow_minitemple, kennysheep_generic_room_14

Skill      XL: |  1  2  3  4  5 |
---------------+----------------+-----
Axes           | 4 5 6 |  6.1
Fighting       | 4 |  4.8
Armour         | 3 |  3.1
Stealth        | 1 |  1.0
Dodging        | |  2.7

Action                   |  1- 3 |  4- 6 || total
-------------------------+-------+-------++-------
Melee: Hand axe          |    15 |       ||    15
       Headbutt          |     9 |     5 ||    14
       War axe           |    63 |    36 ||    99
Invok: Berserk           |       |     1 ||     1
 Stab: Sleeping          |     1 |       ||     1
Armor: Animal skin       |     7 |       ||     7
       Leather armour    |     6 |     4 ||    10
       Ring mail         |       |     4 ||     4
       Chain mail        |       |     6 ||     6
Dodge: Dodged            |    41 |    23 ||    64
